 Dungeon Crawl Stone Soup version 0.20.2-3-g29329e0561 (webtiles) character file.

380 Alfie the Slasher (level 6, -1/53 HPs)
             Began as a Minotaur Fighter on Sept 14, 2020.
             Slain by a mummy (16 damage)
             ... in an ossuary.
             The game lasted 00:06:25 (1966 turns).

Alfie the Slasher (Minotaur Fighter)                Turns: 1966, Time: 00:06:26

Health: -1/53      AC:  8    Str: 20 (23) XL:     6   Next: 46%
Magic:  5/5        EV:  8    Int:  5      God:
Gold:   158        SH:  9    Dex:  8 (9)  Spells: 5/5 levels left

rFire    . . .     SeeInvis .   a - +1 long sword
rCold    . . .     Gourm    .   c - +0 shield
rNeg     . . .     Faith    .   b - +1 scale mail
rPois    .         Spirit   .   (helmet restricted)
rElec    .         Reflect  .   (no cloak)
rCorr    .         Harm     .   (no gloves)
MR       .....                  (no boots)
Stlth    ..........             (no amulet)
Regen    0.2/turn               (no ring)
MPRegen  0.1/turn               (no ring)

@: no status effects
A: retaliatory headbutt, horns 2
a: no special abilities


You were in an ossuary.
You were not hungry.

You visited 1 branch of the dungeon, and saw 4 of its levels.
You also visited: Ossuary.

You collected 158 gold pieces.

Inventory:

Hand Weapons
 a - a +1 long sword (weapon)
Armour
 b - a +1 scale mail (worn)
 c - a +0 shield (worn)
Jewellery
 u - a cursed -3 ring of dexterity {unknown}
Wands
 w - a wand of random effects (36/48)
Scrolls
 e - 2 scrolls of remove curse
 i - a scroll of fear
 q - a scroll of amnesia
Potions
 d - 2 potions of might
 g - a potion of flight {unknown}
 l - 2 potions of curing
 m - a potion of cancellation {unknown}
 o - 2 potions of agility {unknown}
 p - a potion of lignification {unknown}
 r - a potion of haste {unknown}
 s - a potion of ambrosia {unknown}
 v - a potion of mutation {unknown}
Comestibles
 f - 4 bread rations
 k - 3 meat rations
 n - 2 royal jellies


   Skills:
 + Level 4.4 Fighting
 + Level 5.6 Long Blades
 + Level 5.5 Armour
 + Level 1.4 Dodging
 + Level 4.8 Shields


You had 5 spell levels left.
You didn't know any spells.

Dungeon Overview and Level Annotations

Branches:
Dungeon (4/15)
 Temple: D:4-7

Altars:
Elyvilon


Innate Abilities, Weirdness & Mutations

You reflexively headbutt those who attack you in melee.
You have a pair of horns on your head.


Message History

The gnoll zombie is almost destroyed.
You block the gnoll zombie's attack.
You hit the gnoll zombie. You headbutt the gnoll zombie.
You destroy the gnoll zombie!
There is an open door here.
You open the door. 2 mummies come into view.
Found a gate leading back out of this place.
The mummy barely misses you. You furiously retaliate!
You headbutt the mummy.
There is an open door here.
You hit the mummy but do no damage.
The mummy is moderately damaged.
You completely miss the mummy.
The mummy is moderately damaged.
The mummy hits you!
* * * LOW HITPOINT WARNING * * *
You hit the mummy but do no damage.
The mummy is moderately damaged.
The mummy hits you!
You die...

#...# #.^^ #..^# #^..
#.^^# #.^^ #.^.# #.^.
##'## ###' #...# #.^^
#^.^######## #####^^.
#.^^#...#!?!!#...#..^
#^..@M∩.+?%[?#.∩.'..^
#...#M..#?!??#...#..∩
############ ########


You could see 2 mummies.

Vanquished Creatures
  A necrophage (D:4)
  2 water moccasin zombies (Ossuary)
  A crimson imp (D:3)
  2 big kobold zombies (Ossuary)
  3 gnolls (D:2)
  2 adders (D:2)
  An ooze (D:1)
  2 adder zombies (Ossuary)
  A worm (D:3)
  A dart slug (D:1)
  A leopard gecko (D:1)
  An orc (D:3)
  5 giant cockroaches
  7 goblins
  5 hobgoblins
  3 kobolds
  6 bats
  3 frilled lizards
  2 gnoll zombies (Ossuary)
  2 hobgoblin zombies (Ossuary)
  3 kobold zombies (Ossuary)
  4 orc zombies (Ossuary)
  2 rats
60 creatures vanquished.

Notes
Turn   | Place    | Note
-------+----------+-------------------------------------------
     0 | D:1      | Alfie the Minotaur Fighter began the quest for the Orb.
     0 | D:1      | Reached XP level 1. HP: 19/19 MP: 0/0
   179 | D:1      | Reached XP level 2. HP: 25/27 MP: 1/1
   674 | D:2      | Reached XP level 3. HP: 33/33 MP: 2/2
   770 | D:2      | Reached XP level 4. HP: 24/40 MP: 3/3
  1499 | D:3      | Found a white marble altar of Elyvilon.
  1754 | D:4      | Noticed a necrophage
  1768 | D:4      | Killed a necrophage
  1768 | D:4      | Reached skill level 5 in Armour
  1768 | D:4      | Reached skill level 1 in Dodging
  1768 | D:4      | Reached XP level 5. HP: 27/44 MP: 4/4
  1815 | D:4      | Found a sand-covered staircase.
  1823 | Ossuary  | Entered an ossuary
  1894 | Ossuary  | Reached skill level 5 in Long Blades
  1894 | Ossuary  | Reached XP level 6. HP: 37/53 MP: 5/5
  1966 | Ossuary  | Slain by a mummy

Skill      XL: |  1  2  3  4  5 |
---------------+----------------+-----
Armour         | 4 5 |  5.5
Long Blades    | 3 4 5 |  5.6
Fighting       | 4 |  4.4
Shields        | 4 |  4.8
Dodging        | 1 |  1.4

Action                   |  1- 3 |  4- 6 || total
-------------------------+-------+-------++-------
Melee: Long sword        |    47 |   120 ||   167
       Headbutt          |     7 |    19 ||    26
  Use: Scroll            |     5 |     2 ||     7
       Potion            |       |     2 ||     2
  Eat: Fruit             |       |     3 ||     3
       Bread ration      |       |     1 ||     1
Armor: Scale mail        |    19 |    46 ||    65
Dodge: Dodged            |    18 |    36 ||    54
Block: Shield            |    33 |    63 ||    96
       Rpst.: Long sword |     2 |     7 ||     9
